Valeera, chaotic female elven Rogue ------------ ------------- ------ ...........| ............| -...... #|...----...| ###|...........| |..... ##....| |.[.| ########|...........| |...... ##|...----..{| ### #|..........<.#### ----+- ###|..........| # #------------- # ####----------.- ### ######################## ## # #@### ) ### # # ### a ### # ### ### ## # ### ################# ## ### # #-|-------### ###-----# # #|.......|# #-...|# -+----# #|.......|## |...|# |....-# #|.......|## .*.%.# |.>..| #|.......-# ----- |.....#########--------- |....| ------ Valeera the Rogue Experience level: 7 Strength: 14 Dexterity: 17 Constitution: 15 Intelligence: 9 Wisdom: 12 Charisma: 10 Health: 0(49) Energy: 39(39) Def: 9 Gold: 0 Moves: 4107 Dungeon seed: TjwIGnRSqlKRHnZG Game ID: Valeera_1444134673 Your Inventory: Weapons Q - 10 uncursed +0 elven daggers (in quiver) W - an uncursed +0 elven dagger named Biter (weapon in hand) Armor e - an uncursed +1 leather armor (being worn) n - an uncursed +0 pair of elven boots (being worn) q - an uncursed +0 elven shield (being worn) y - an uncursed +0 cloak of displacement z - an uncursed +0 dwarvish cloak (being worn) R - a blessed +1 dwarvish iron helm (being worn) Comestibles l - an uncursed eucalyptus leaf o - an uncursed cherry P - an uncursed tripe ration Wands w - an uncursed wand of sleep (0:4) O - an uncursed wand of enlightenment (0:13) Tools g - an uncursed blindfold k - an uncursed lock pick B - an uncursed bag of holding T - an uncursed +0 pick-axe Gems r - 2 uncursed worthless pieces of yellowish brown glass Contents of the bag of holding: 837 gold pieces a blessed +0 dagger 3 uncursed +0 daggers 5 uncursed +0 elven daggers an uncursed +0 elven short sword an uncursed +0 dwarvish cloak an uncursed cherry 3 uncursed food rations an uncursed fortune cookie 5 uncursed lembas wafers a cursed tin of cave spider meat 2 uncursed tripe rations an uncursed scroll of confuse monster a blessed scroll of enchant armor an uncursed scroll of genocide an uncursed scroll of magic mapping an uncursed scroll of taming an uncursed potion of full healing a cursed potion of gain ability an uncursed potion of hallucination a cursed potion of invisibility a blessed potion of object detection an uncursed potion of object detection an uncursed potion of sickness an uncursed potion of sleeping an uncursed wand of opening (0:3) an uncursed wand of striking (0:3) an uncursed magic marker (0:67) an uncursed +0 pick-axe an uncursed sack an uncursed wooden flute Spells and supernatural/magical abilities: Name Level Category Fail Memory W - pray for help -- divine ? -- Your skills at the end: Miscellaneous Skills shield [Basic] wands [Basic] Weapon Skills dagger [Skilled] short sword [Basic] Spellcasting Skills Final Attributes: You were piously aligned. You were sleep resistant. You were poison resistant. You were telepathic. You had infravision. You were stealthy. You are dead. Vanquished creatures: a gnome king a dingo a dwarf lord a soldier ant a yellow light 3 shriekers a violet fungus 5 gnome lords 2 gnomish wizards 2 black naga hatchlings 2 gray oozes 2 elf zombies 2 giant ants a floating eye a kitten 8 dwarves an iguana 3 rothes a giant bat 4 coyotes 2 gas spores 3 hobbits 3 large kobolds 5 geckos a brown mold a yellow mold a red mold 22 gnomes a gnome zombie 8 jackals a fox a kobold 4 newts a goblin a sewer rat a grid bug a lichen 100 creatures vanquished. Voluntary challenges: You did not adorn yourself with jewelry or accessories. You used a wielded weapon 96 times, starting on turn 55. You did not apply a unicorn horn. You read items or engraved 2 times, starting on turn 3925. You never genocided any monsters. You never polymorphed an object. You never changed form. You used no wishes. You never split a pudding. You wrote Elbereth's name 2 times, starting on turn 3925. You never violated your personal moral code. Dungeon overview: The Dungeons of Doom: levels 1 to 6 Level 1 a long staircase Level 2 stairs to The Gnomish Mines Level 3 an altar to Mog, a sink Level 4 a fountain Level 5 <- You were here a fountain Level 6 The Gnomish Mines: levels 3 to 6 Level 3 stairs to The Dungeons of Doom Level 4 Level 5 many shops, a temple to Kos, a magic chest, some fountains, some trees Level 6 History has recorded: On T:1 you entered the Dungeons of Doom to retrieve the Amulet of Yendor! On T:170 you reached level 2 of The Dungeons of Doom. On T:261 you reached level 1 of The Gnomish Mines. On T:286 you advanced to experience level 2. On T:308 you advanced to experience level 3. On T:371 you reached level 2 of The Gnomish Mines. On T:384 you advanced to experience level 4. On T:545 you advanced to experience level 5. On T:779 you reached level 3 of The Gnomish Mines. On T:1120 you advanced to experience level 6. On T:1302 you entered the Minetown temple On T:1329 you opened a magic chest. On T:1334 you opened a magic chest. On T:1390 you opened a magic chest. On T:1741 you reached level 4 of The Gnomish Mines. On T:1862 you opened a magic chest. On T:1864 you opened a magic chest. On T:1865 you opened a magic chest. On T:1866 you opened a magic chest. On T:1875 you opened a magic chest. On T:1882 you opened a magic chest. On T:2427 you reached level 3 of The Dungeons of Doom. On T:2429 you reached level 4 of The Dungeons of Doom. On T:3127 you advanced to experience level 7. On T:3567 you reached level 5 of The Dungeons of Doom. On T:3783 you reached level 6 of The Dungeons of Doom. Score breakdown: Gold: 837 ( 83 points) Experience: 7 levels ( 600 points) Exploration: 6 levels ( 150 points) Discoveries: 5 items ( 250 points) Variety of kills: 37 monsters ( 1850 points) Major goal: reached Minetown ( 500 points) Survival: died (score multiplied by 3) Total score: 10299 Latest messages: Something is written here in the dust. You read: "Elbereth". You see no objects here. The elven dagger hits the soldier ant! The soldier ant just misses! The soldier ant stings! The soldier ant bites! The soldier ant stings! You die... The sack is empty. The sack is empty. Final status: Goodbye Valeera the Rogue, killed by a soldier ant... You died in The Dungeons of Doom on dungeon level 5 with 10299 points, and 837 pieces of gold, after 4107 moves. You were level 7 with a maximum of 49 hit points when you died.